 Dungeon Crawl Stone Soup version 0.28-a0-1227-ga9037bb4c8 (webtiles) character file.

Game seed: 16343637602396345412

590 freelancePsychic the Changer (level 7, -1/56 HPs)
             Began as a Gnoll Wanderer on Dec 23, 2021.
             Slain by Duvessa (17 damage)
             ... on level 4 of the Dungeon.
             The game lasted 00:09:03 (3747 turns).

freelancePsychic the Changer (Gnoll Wanderer)       Turns: 3747, Time: 00:09:04

Health: -1/56      AC:  2    Str: 12    XL:     7   Next: 39%
Magic:  11/12      EV: 21    Int: 15    God:
Gold:   144        SH:  0    Dex: 20    Spells: 7/13 levels left

rFire   . . .      SeeInvis .     - Unarmed
rCold   . . .      Faith    .   (shield currently unavailable)
rNeg    . . .      Spirit   .   (armour currently unavailable)
rPois   x          Reflect  .   (helmet currently unavailable)
rElec   .          Harm     .   (cloak currently unavailable)
rCorr   .          Rampage  .   (gloves currently unavailable)
Will    .....                   (boots currently unavailable)
Stlth   ++........              (no amulet)
HPRegen 0.18/turn               p - +6 ring of dexterity
MPRegen 0.13/turn               (no ring)

@: about to teleport, spider-form (expiring)
A: venomous fangs, tiny, (fangs 1), strong nose, distributed training
a: End Transformation


You were on level 4 of the Dungeon.
You were a venomous arachnid creature.
You visited 1 branch of the dungeon, and saw 4 of its levels.

You collected 144 gold pieces.

Inventory:

Hand Weapons
 a - a +1 shortbow (melded)
Missiles
 b - 39 arrows
Armour
 c - a +0 robe (melded)
Jewellery
 p - a +6 ring of dexterity (left front leg)
Wands
 q - a wand of digging (5)
 r - a wand of iceblast (9)
Scrolls
 d - a scroll of vulnerability {unknown}
 e - 2 scrolls of magic mapping
 h - 3 scrolls of identify {unknown}
 i - a scroll of noise {unknown}
 k - a scroll of acquirement {unknown}
 l - a scroll of fog {unknown}
 o - a scroll of torment {unknown}
 s - a scroll of summoning {unknown}
Potions
 g - a potion of haste {unknown}
 j - 4 potions of flight {unknown}
 m - 4 potions of heal wounds {unknown}
 n - a potion of attraction {unknown}


   Skills:
 + Level 5.2 Fighting
 + Level 2.4 Short Blades
 + Level 2.4 Long Blades
 + Level 2.4 Axes
 + Level 2.4 Maces & Flails
 + Level 2.4 Polearms
 + Level 2.4 Staves
 + Level 2.4 Slings
 + Level 3.6 Bows
 + Level 2.4 Crossbows
 + Level 2.4 Throwing
 + Level 3.6 Armour
 + Level 3.6 Dodging
 + Level 2.4 Stealth
 + Level 2.4 Shields
 + Level 2.4 Unarmed Combat
 + Level 3.8 Spellcasting
 + Level 2.0 Conjurations
 + Level 2.0 Hexes
 + Level 2.0 Summonings
 + Level 2.0 Necromancy
 + Level 2.0 Translocations
 + Level 7.4 Transmutations
 + Level 2.0 Fire Magic
 + Level 2.0 Ice Magic
 + Level 2.0 Air Magic
 + Level 2.0 Earth Magic
 + Level 2.0 Poison Magic
 + Level 2.7 Invocations
 + Level 2.4 Evocations


You had 7 spell levels left.
You knew the following spells:

 Your Spells              Type           Power      Damage    Failure   Level
a - Sting                 Tmut/Pois      68%        1d6       10%         1
b - Spider Form           Tmut/Pois      17%        N/A       21%         3
c - Poisonous Vapours     Pois/Air       16%        N/A       28%         2

Your spell library contained the following spells:

 Spells                   Type           Power      Damage    Failure   Level
 Passwall                 Tmut/Erth      14%        N/A       13%         2
 Corpse Rot               Necr/Air       16%        N/A       28%         2


Dungeon Overview and Level Annotations

Branches:
Dungeon (4/15)
 Temple: D:4-7

Altars:
Ashenzari
Elyvilon
Uskayaw

Annotations:
D:4 1 runed translucent door, Crazy Yiuf, Duvessa


Innate Abilities, Weirdness & Mutations

You are a venomous arachnid creature.
You have poisonous fangs.
You are tiny and dextrous.
Your spellcasting is less reliable in this form.
Your armour is entirely melded.
You are incapable of wielding weapons or throwing items.
((You have very sharp teeth.))
Your uncanny sense of smell can sniff out nearby items.
Your experience applies equally to all skills.


Message History

Confirm with . or Enter, or press ? or * to list all spells.
You turn into a venomous arachnid creature.
Your +1 shortbow melds into your body.
Your +0 robe melds into your body.
The hound barks!
You hear a shout!
Found a hide-covered altar of Uskayaw.
Found a broken altar of Ashenzari.
The hound misses you.
You hit the hound.
The hound is poisoned.
The hound is moderately wounded.
The hound barely misses you. The hound misses you.
You hit the hound.
The hound is severely wounded.
The hound closely misses you.
You hit the hound.
You kill the hound!
You hit Duvessa but do no damage.
Duvessa is poisoned.
Duvessa closely misses you.
You hit Duvessa.
Duvessa looks as sick as possible!
Duvessa is lightly wounded.
Duvessa barely misses you. Duvessa hits you with a +0 short sword!
You hit Duvessa but do no damage.
Duvessa looks as sick as possible!
Duvessa is lightly wounded.
Duvessa completely misses you.
You hit Duvessa.
Duvessa looks as sick as possible!
Duvessa is lightly wounded.
Duvessa hits you with a +0 short sword. Duvessa misses you.
Duvessa barely misses you. Duvessa barely misses you.
Duvessa rages.
Duvessa misses you. Duvessa hits you with a +0 short sword!
Duvessa completely misses you.
You hit Duvessa.
Duvessa is heavily wounded.
Duvessa hits you with a +0 short sword!
* * * LOW HITPOINT WARNING * * *
As you read the scroll of teleportation {@r4}, it crumbles to dust.
You feel strangely unstable.
Your transformation is almost over.
Duvessa hits you with a +0 short sword!
You die...

* ###>...# #.........###### *
##...### #.....)......... **
##....###......<..###### ,*
##.#.<...........# ,**
#.##(.>##.####### ,,*
#..#......#### #.#***
##.##..#.....## .....######
#..#.....##..## _.........#
##..s.##.###..#
8_.######.#####e..##.####.######
,,∆* #..##.....##...........#
,,,* ##.....................#
,,** ###.....#.##..).......# ,**
##.......##..........# .,*
##.....#..############# #.###**
#.....##..#****** #.....*
##.#).###..#,,+,,*


You could see Duvessa (berserk, very poisoned).

Vanquished Creatures
  A black bear (D:3)
  A water moccasin skeleton (D:4)
  Dowan (D:4)
  A bullfrog zombie (D:4)
  A centaur zombie (D:4)
  2 hounds (D:4)
  2 bullfrog skeletons
  An iguana (D:3)
  2 scorpion zombies (D:4)
  A hound zombie (D:4)
  A hound skeleton (D:4)
  4 adders
  2 adder zombies (D:4)
  2 worms
  5 dart slugs
  5 orcs (D:3)
  A ball python (D:4)
  5 endoplasms
  3 giant cockroaches (D:1)
  10 goblins
  6 hobgoblins
  6 quokkas
  3 bats
  3 frilled lizards (D:1)
  A jackal zombie (D:4)
  2 kobolds
  A quokka skeleton (D:4)
  5 rats
78 creatures vanquished.

Vanquished Creatures (others)
  6 withered plants (D:4)
6 creatures vanquished.

Grand Total: 84 creatures vanquished

Notes
Turn   | Place    | Note
-------+----------+-------------------------------------------
     0 | D:1      | freelancePsychic the Gnoll Wanderer began the quest for the
                  | Orb.
     0 | D:1      | freelancePsychic set off with the following items: a +1
                  | shortbow, 24 arrows, a +0 robe; and the following spell
                  | memorised: Sting; and the following spells available to
                  | memorise: Passwall, Spider Form
     0 | D:1      | Reached XP level 1. HP: 20/20 MP: 4/4
   104 | D:1      | Reached XP level 2. HP: 23/26 MP: 5/5
   813 | D:1      | Reached XP level 3. HP: 31/31 MP: 7/7
   908 | D:1      | Learned a level 3 spell: Spider Form
  1404 | D:2      | Reached skill level 1 in Invocations
  1472 | D:2      | Reached skill level 1 in Short Blades
  1472 | D:2      | Reached skill level 1 in Long Blades
  1472 | D:2      | Reached skill level 1 in Axes
  1472 | D:2      | Reached skill level 1 in Maces & Flails
  1472 | D:2      | Reached skill level 1 in Polearms
  1472 | D:2      | Reached skill level 1 in Staves
  1472 | D:2      | Reached skill level 1 in Slings
  1472 | D:2      | Reached skill level 1 in Crossbows
  1472 | D:2      | Reached skill level 1 in Throwing
  1472 | D:2      | Reached skill level 1 in Stealth
  1472 | D:2      | Reached skill level 1 in Shields
  1472 | D:2      | Reached skill level 1 in Unarmed Combat
  1472 | D:2      | Reached skill level 1 in Evocations
  1482 | D:2      | Reached XP level 4. HP: 38/38 MP: 5/8
  1963 | D:3      | Reached skill level 1 in Conjurations
  1963 | D:3      | Reached skill level 1 in Hexes
  1963 | D:3      | Reached skill level 1 in Summonings
  1963 | D:3      | Reached skill level 1 in Necromancy
  1963 | D:3      | Reached skill level 1 in Translocations
  1963 | D:3      | Reached skill level 1 in Fire Magic
  1963 | D:3      | Reached skill level 1 in Ice Magic
  1963 | D:3      | Reached skill level 1 in Air Magic
  1963 | D:3      | Reached skill level 1 in Earth Magic
  1963 | D:3      | Reached skill level 1 in Poison Magic
  2036 | D:3      | Reached XP level 5. HP: 43/43 MP: 9/9
  2039 | D:3      | Learned a level 2 spell: Poisonous Vapours
  2936 | D:4      | Noticed a black bear
  3051 | D:3      | Killed a black bear
  3052 | D:3      | Reached XP level 6. HP: 46/50 MP: 6/11
  3070 | D:4      | Reached skill level 5 in Fighting
  3184 | D:4      | Found a runed translucent door.
  3185 | D:4      | Noticed Crazy Yiuf
  3433 | D:4      | Reached XP level 7. HP: 51/56 MP: 12/12
  3451 | D:4      | Noticed Dowan
  3466 | D:4      | Killed Dowan
  3510 | D:4      | Noticed Duvessa
  3541 | D:4      | Found a white marble altar of Elyvilon.
  3728 | D:4      | Found a hide-covered altar of Uskayaw.
  3729 | D:4      | Found a broken altar of Ashenzari.
  3747 | D:4      | Slain by Duvessa

Illustrated notes

Levels and vault maps discovered:
D:1:      minmay_arrival_stone_box, layout_basic, dk_noncrumbling_4,
          bh_walls_and_bars
D:2:      layout_rooms
D:3:      layout_basic
D:4:      layout_rooms, chequers_temple_overflow_statue_of_worship,
          mainiacjoe_overflow_six_doors_small, serial_undead, serial_undead_f,
          serial_undead_e, serial_undead_f, serial_undead_a,
          minmay_snake_closets, uniq_crazy_yiuf_cottage, uniq_duvessa

Skill      XL: |  1  2  3  4  5  6  7 |
---------------+----------------------+-----
Invocations    | 1 2 |  2.7
Short Blades   | 1 2 |  2.4
Long Blades    | 1 2 |  2.4
Axes           | 1 2 |  2.4
Maces & Flails | 1 2 |  2.4
Polearms       | 1 2 |  2.4
Staves         | 1 2 |  2.4
Slings         | 1 2 |  2.4
Crossbows      | 1 2 |  2.4
Throwing       | 1 2 |  2.4
Stealth        | 1 2 |  2.4
Shields        | 1 2 |  2.4
Unarmed Combat | 1 2 |  2.4
Evocations     | 1 2 |  2.4
Spellcasting   | 3 |  3.8
Conjurations   | 1 2 |  2.0
Hexes          | 1 2 |  2.0
Summonings     | 1 2 |  2.0
Necromancy     | 1 2 |  2.0
Translocations | 1 2 |  2.0
Fire Magic     | 1 2 |  2.0
Ice Magic      | 1 2 |  2.0
Air Magic      | 1 2 |  2.0
Earth Magic    | 1 2 |  2.0
Poison Magic   | 1 2 |  2.0
Bows           | 3 |  3.6
Armour         | 3 |  3.6
Dodging        | 3 |  3.6
Fighting       | 5 |  5.2
Transmutations | |  7.4

Action                   |  1- 3 |  4- 6 |  7- 9 || total
-------------------------+-------+-------+-------++-------
Melee: Unarmed           |    11 |   105 |    48 ||   164
 Fire: Shortbow          |    61 |    51 |     1 ||   113
 Cast: Sting             |     9 |       |       ||     9
       Spider Form       |     3 |    12 |     5 ||    20
  Use: Scroll            |       |       |     3 ||     3
Armor: Robe              |     1 |     2 |     1 ||     4
       Skin              |       |     8 |     3 ||    11
Dodge: Dodged            |    16 |   126 |    69 ||   211

Table legend: (Time is in decaauts)
 A = Elapsed time spent in this place.
 B = Non-inter-level travel time spent in this place.
 C = Inter-level travel time spent in this place.
 D = Time resting spent in this place.
 E = Time spent auto-exploring this place.
 F = Levels seen in this place.
 G = Mean time per level.
                   A        B        C        D        E       F      G
               +--------+--------+--------+--------+--------+-----+--------+
         Total |   3760 |   3672 |     88 |    239 |   2851 |   4 |  940.0 |
       Dungeon |   3760 |   3672 |     88 |    239 |   2851 |   4 |  940.0 |
               +--------+--------+--------+--------+--------+-----+--------+

Top non-repeatable levels by time:
     D:1: 1409 daAuts
     D:3: 1111 daAuts
     D:4: 700 daAuts
     D:2: 539 daAuts
